 Dungeon Crawl Stone Soup version 0.29.1-15-g9cfb28693d (webtiles) character file.

Game seed: 13430425215946549198

229 safid the Chiller (level 6, -9/47 HPs)
             Began as a Merfolk Ice Elementalist on Mar 23, 2023.
             Killed by divine providence
             ... invoked by an orc priest
              (13 damage)
             ... on level 4 of the Dungeon.
             The game lasted 00:07:47 (4468 turns).

safid the Chiller (Merfolk Ice Elementalist)        Turns: 4468, Time: 00:07:48

Health: -9/47      AC:  5    Str:  9    XL:     6   Next: 3%
Magic:  4/11       EV: 27    Int: 16    God:
Gold:   185        SH:  0    Dex: 14    Spells: 5/12 levels left

rFire   . . .      SeeInvis .   c - staff of death
rCold   . . .      Faith    .   (no shield)
rNeg    + . .      Spirit   .   a - +0 robe
rPois   .          Reflect  .   m - +1 hat
rElec   .          Harm     .   (no cloak)
rCorr   .          Rampage  .   u - +1 pair of gloves
Will    .....                   (no boots)
Stlth   ++........              e - amulet of the acrobat
HPRegen 0.15/turn               (no ring)
MPRegen 0.12/turn               (no ring)

@: acrobatic
A: (nimble swimmer 2), mertail
a: no special abilities


You were on level 4 of the Dungeon.
You visited 1 branch of the dungeon, and saw 4 of its levels.
You also visited: Sewer.

You collected 185 gold pieces.

Inventory:

Armour
 a - a +0 robe (worn)
 m - a +1 hat (worn)
 u - a +1 pair of gloves (worn)
Magical Staves
 c - a staff of death (weapon)
Jewellery
 e - an amulet of the acrobat (around neck)
 f - a +6 ring of dexterity
Wands
 l - a wand of charming (8)
Scrolls
 d - 2 scrolls of poison {unknown}
 j - a scroll of teleportation
 k - 2 scrolls of amnesia {unknown}
 n - a scroll of enchant weapon {unknown}
 o - 2 scrolls of identify
 r - a scroll of acquirement {unknown}
 s - a scroll of vulnerability {unknown}
Potions
 b - a potion of magic
 g - 4 potions of attraction {unknown}
 h - 3 potions of curing {unknown}
 i - a potion of flight {unknown}
 p - a potion of mutation {unknown}
 q - a potion of heal wounds {unknown}
 t - a potion of cancellation {unknown}
 v - a potion of ambrosia {unknown}


   Skills:
 + Level 3.3 Fighting
 - Level 2.6 Dodging
 - Level 2.1 Stealth
 + Level 3.6 Spellcasting
 + Level 5.7 Ice Magic


You had 5 spell levels left.
You knew the following spells:

 Your Spells              Type           Power      Damage    Failure   Level
a - Freeze                Ice            84%        1d10      1%          1
b - Frozen Ramparts       Ice            42%        1d7       4%          3
c - Ozocubu's Armour      Ice            21%        N/A       4%          3

Your spell library contained the following spells:

 Spells                   Type           Power      Damage    Failure   Level
 Hailstorm                Conj/Ice       12%        3d5       47%         4


Dungeon Overview and Level Annotations

Branches:
Dungeon (4/15)              Sewer (visited)
 Temple: D:4-7

Altars:
The Shining One


Innate Abilities, Weirdness & Mutations

((You are very nimble when in or above water. (Stealth+, EV+, Speed+++)))
Your lower body shifts to a powerful aquatic tail in water.


Message History

The ball python grabs you. The ball python constricts you.
The orc priest miscasts a cantrip.
The orc hits you but does no damage. x2; The phantom closely misses you.
Unknown command.
You are too injured to fight recklessly!
Unknown command.
You are too injured to fight recklessly!
Casting: Ozocubu's Armour (dangerous; 4% risk of failure)
Confirm with . or Enter, or press ? or * to list all spells.
Aiming: Freeze (safe; 1% risk of failure)
Press: ? - help, Shift-Dir - straight line, f - phantom
Aim: a phantom (lightly damaged)
You freeze the phantom but do no damage.
The phantom completely resists.
The ball python bites you but does no damage.
The ball python constricts you.
The phantom hits you but does no damage.
The orc completely misses you. The orc closely misses you. x2
Casting: Freeze (safe; 1% risk of failure)
Confirm with . or Enter, or press ? or * to list all spells.
Aiming: Freeze (safe; 1% risk of failure)
Press: ? - help, Shift-Dir - straight line, f/p - phantom
Aim: a phantom (lightly damaged)
You freeze the phantom but do no damage.
The phantom completely resists.
The ball python bites you. The ball python constricts you.
The phantom hits you.
The phantom blinks!
You blink.
Your icy armour cracks and falls away as you move.
The ball python loses its grip on you.
The iguana hisses menacingly.
The orc priest calls down the wrath of Beogh upon you.
Beogh smites you!
* * * LOW HITPOINT WARNING * * *
Unknown command.
Okay, then.
Your surroundings suddenly seem different.
The ball python misses you. The ball python completely misses you.
The orc priest invokes the aid of Beogh against you.
Beogh smites you!
You die...

#.#...........$##
#.>?....(.o......
##.##....o..#.###
#........o÷.W#
#.##...o..!#.#
....#.###o###.# ###
#.###...........###
#.. #
#........o....###.#
#.#
#.........S@.......
#.#
...##.#.###.#.###..
#.# ..#. #.#.# #.#
.. #.# #.#.# #.# ##
#.# #.#.# #.# ..
#.# .. ... .. #.#
### #.# #.# #<# #.#
#.# #.#


You could see a phantom, an orc priest, 2 orcs and a ball python.

Vanquished Creatures
  A scorpion (D:4)
  8 adders
  A river rat (Sewer)
  A worm (D:3)
  4 dart slugs
  4 orcs
  6 endoplasms
  2 giant cockroaches
  6 goblins
  A hobgoblin (D:4)
  4 quokkas
  8 ball pythons
  4 bats
  10 frilled lizards
  4 kobolds
  18 rats
82 creatures vanquished.

Notes
Turn   | Place    | Note
-------+----------+-------------------------------------------
     0 | D:1      | safid the Merfolk Ice Elementalist began the quest for the
                  | Orb.
     0 | D:1      | Reached XP level 1. HP: 13/13 MP: 3/3
   239 | D:1      | You fall into a shaft and drop 1 floor!
   249 | D:2      | Reached XP level 2. HP: 20/20 MP: 3/5
   345 | D:2      | Reached skill level 1 in Fighting
   707 | D:1      | Reached XP level 3. HP: 22/26 MP: 4/6
   717 | D:1      | Learned a level 3 spell: Frozen Ramparts
   721 | D:1      | Learned a level 3 spell: Ozocubu's Armour
  1577 | D:2      | Found a faded altar of an unknown god.
  2089 | D:2      | Reached skill level 5 in Ice Magic
  2348 | D:3      | Reached XP level 4. HP: 32/33 MP: 5/8
  2405 | D:3      | Found a glowing drain.
  2409 | Sewer    | Entered a sewer
  3005 | Sewer    | Reached XP level 5. HP: 39/39 MP: 7/9
  3244 | D:3      | Found a glowing golden altar of the Shining One.
  3966 | D:4      | Reached XP level 6. HP: 28/47 MP: 4/11
  4468 | D:4      | Killed from afar by an orc priest

Illustrated notes

Levels and vault maps discovered:
D:1:      onia_arrival_handbag, layout_basic, serial_bayou_pond_d
D:2:      layout_basic, ebering_ecumenical_altar_sacrificial,
          kennysheep_generic_room_2
D:3:      layout_loops_ring, old_standard_altar, gup_sewer_entry_spiral
D:4:      layout_loops_ring, minmay_temple_entry_mist, grunt_decor_cap,
          small_statue_intersection

Skill      XL: |  1  2  3  4  5 |
---------------+----------------+-----
Fighting       | 1 2 3 |  3.3
Ice Magic      | 5 |  5.7
Spellcasting   | 3 |  3.6
Dodging        | |  2.6
Stealth        | |  2.1

Action                   |  1- 3 |  4- 6 || total
-------------------------+-------+-------++-------
Melee: Staff             |    40 |    72 ||   112
       Tailslap          |       |     1 ||     1
 Cast: Freeze            |    45 |    58 ||   103
       Ozocubu's Armour  |       |     5 ||     5
       Frozen Ramparts   |       |     1 ||     1
  Use: Scroll            |       |     3 ||     3
 Stab: Sleeping          |     5 |     5 ||    10
Armor: Robe              |    12 |    42 ||    54
Dodge: Dodged            |    59 |    99 ||   158
